 Dungeon Crawl Stone Soup version 0.19.5 (webtiles) character file.

324 miragecloak the Spear-Bearer (level 6, -8/70 HPs)
             Began as a Merfolk Abyssal Knight on May 9, 2017.
             Was a Believer of Lugonu.
             Mangled by a centaur (9 damage)
             ... on level 5 of the Dungeon.
             The game lasted 00:04:13 (4488 turns).

miragecloak the Spear-Bearer (MfAK)                 Turns: 4488, Time: 00:04:14

Health: -8/70      AC:  5    Str: 17    XL:     6   Next: 48%
Magic:  7/7        EV: 13    Int: 11    God:    Lugonu [**....]
Gold:   296        SH:  0    Dex: 22    Spells: 0 memorised, 5 levels left

rFire  x . .     SeeInvis .     a - +1 spear
rCold  + . .     Gourm    .     b - +0 leather armour
rNeg   . . .     Faith    .     (no shield)
rPois  +         Spirit   .     k - +0 helmet
rElec  .         Reflect  .     (no cloak)
rCorr  .         Harm     .     d - +0 pair of gloves
MR     .....                    (no boots)
Stlth  ..........               (no amulet)
                                (no ring)
                                v - ring "Ypsues" {rPois rF- rC+ Dex+6}

@: berserking, very quick
A: change form in water, swift swim, stealthy swim
a: Depart the Abyss, Bend Space, Renounce Religion


You were on level 5 of the Dungeon.
You worshipped Lugonu.
Lugonu was pleased with you.
You were hungry.

You visited 1 branch of the dungeon, and saw 6 of its levels.
You visited the Abyss 1 time.

You collected 322 gold pieces.
You spent 26 gold pieces at shops.

Inventory:

Hand Weapons
 a - a +1 spear (weapon)
Armour
 b - a +0 leather armour (worn)
 d - a +0 pair of gloves (worn)
 k - a +0 helmet (worn)
 t - a +1 plate armour of poison resistance
Jewellery
 v - the ring "Ypsues" (left hand) {rPois rF- rC+ Dex+6}
   (You found it on level 6 of the Dungeon)

   [ring of poison resistance]

   It affects your dexterity (+6).
   It makes you vulnerable to fire.
   It protects you from cold.
   It protects you from poison.
Scrolls
 f - 2 scrolls of teleportation {unknown}
 h - 3 scrolls of remove curse
 i - a scroll of amnesia {unknown}
 l - 5 scrolls of identify
 m - 2 scrolls of magic mapping {unknown}
 n - a scroll of fear {unknown}
 p - a scroll of fog {unknown}
Potions
 e - 2 potions of curing {unknown}
 j - a potion of berserk rage
 s - 3 potions of lignification {unknown}
 w - 2 potions of heal wounds {unknown}
 x - a potion of ambrosia {unknown}
 z - 2 potions of magic {unknown}
Books
 u - a book of Necromancy

   Spells                             Type                      Level
   a - Pain                           Necromancy                   1
   b - Animate Skeleton               Necromancy                   1
   c - Vampiric Draining              Necromancy                   3
   d - Regeneration                   Charms/Necromancy            3
   e - Animate Dead                   Necromancy                   4
   f - Control Undead                 Necromancy                   4
Comestibles
 c - 4 bread rations
 g - 3 meat rations
 q - 2 slices of pizza
 r - 3 fruits


   Skills:
 - Level 3.2 Fighting
 + Level 9.6 Polearms
 - Level 0.6 Armour
 - Level 2.6 Dodging
 - Level 2.0 Invocations


You had 5 spell levels left.
You didn't know any spells.

Dungeon Overview and Level Annotations

Branches:
Dungeon (6/15)             Temple (0/1) D:4

Altars:
Makhleb

Shops:
D:4 *


Message History

The arrow closely misses you.
A centaur is nearby!
The centaur shoots an arrow.
The arrow hits you!
You see here an arrow.
The centaur shoots an arrow.
The arrow hits you!
The centaur shoots an arrow.
The arrow hits you!
* * * LOW HITPOINT WARNING * * *
Found a bread ration.
You see here 2 arrows.
The centaur shoots an arrow.
The arrow barely misses you.
You see here an arrow.
The centaur shoots an arrow.
The arrow hits you!
* * * LOW HITPOINT WARNING * * *
The centaur unwields an uncursed shortbow.
The centaur barely misses you.
The centaur hits you but does no damage.
It was a potion of berserk rage.
A red film seems to cover your vision as you go berserk!
You feel yourself moving faster!
You feel mighty! The centaur hits you!
You die...

#(.(.(.)..........
##............#
##########(.##
#..# ##(# #(# #(##
#..# #.@# #.c#
#...# #..## .%##
..# ..# ..#


You could see a centaur.

Vanquished Creatures
  A centaur (D:5)
  A howler monkey (D:4)
  A hound (D:2)
  2 worker ants
  4 adders
  2 adder skeletons (D:4)
  3 worms
  2 dart slugs
  5 leopard geckos
  2 orcs
  A ball python (D:3)
  4 giant cockroaches
  11 goblins
  4 hobgoblins
  3 jackals (D:4)
  4 kobolds
  A quokka (D:2)
  7 bats
  4 frilled lizards
  A quokka skeleton (D:4)
  13 rats
76 creatures vanquished.

Vanquished Creatures (others)
  A fungus (D:1)
1 creature vanquished.

Grand Total: 77 creatures vanquished

Notes
Turn   | Place    | Note
-------+----------+-------------------------------------------
     0 | Abyss:1  | miragecloak the Merfolk Abyssal Knight began the quest for the Orb.
     0 | Abyss:1  | Reached XP level 1. HP: 18/18 MP: 2/2
    26 | Abyss:1  | Noticed a tentacled starspawn
    27 | D:1      | Escaped the Abyss
   163 | D:1      | Reached skill level 4 in Polearms
   163 | D:1      | Reached XP level 2. HP: 24/24 MP: 3/3
   246 | D:1      | Reached * piety under Lugonu
   640 | D:2      | Reached XP level 3. HP: 29/29 MP: 4/4
   668 | D:2      | Reached skill level 5 in Polearms
  1111 | D:2      | Found a burning altar of Makhleb.
  1120 | D:2      | Reached skill level 6 in Polearms
  1120 | D:2      | Reached XP level 4. HP: 18/35 MP: 5/5
  1888 | D:3      | Reached skill level 7 in Polearms
  2073 | D:3      | Reached XP level 5. HP: 31/41 MP: 6/6
  2082 | D:3      | Reached ** piety under Lugonu
  2391 | D:3      | You fall through a shaft for 3 floors!
  2425 | D:6      | Got a clouded iron ring
  2427 | D:6      | Identified the ring "Ypsues" {rPois rF- rC+ Dex+6} (You found it on level 6 of the Dungeon)
  2429 | D:6      | Noticed an ogre
  2463 | D:5      | Entered Level 5 of the Dungeon
  2495 | D:4      | Found a staircase to the Ecumenical Temple.
  3208 | D:4      | Found Ziuva's General Store.
  3215 | D:4      | Bought a scroll of identify for 26 gold pieces
  3243 | D:4      | Reached skill level 8 in Polearms
  3739 | D:4      | Reached XP level 6. HP: 45/47 MP: 7/7
  4052 | D:4      | Reached skill level 9 in Polearms
  4179 | D:5      | HP: 2/47 [centaur (1)]
  4486 | D:5      | HP: 1/47 [centaur/arrow (13)]
  4488 | D:5      | Mangled by a centaur

Skill      XL: |  1  2  3  4  5  6 |
---------------+-------------------+-----
Polearms       | 4 6 7 8 9 |  9.6
Fighting       | |  3.2
Armour         | |  0.6
Dodging        | |  2.6
Invocations    | |  2.0

Action                   |  1- 3 |  4- 6 || total
-------------------------+-------+-------++-------
Melee: Spear             |    97 |   209 ||   306
Invok: Depart the Abyss  |     1 |       ||     1
  Use: Scroll            |       |     2 ||     2
       Potion            |       |     1 ||     1
 Stab: Sleeping          |     1 |       ||     1
  Eat: Chunk             |       |     9 ||     9
       Fruit             |       |     2 ||     2
Armor: Leather armour    |    24 |    29 ||    53
Dodge: Dodged            |    57 |    88 ||   145
